 Dungeon Crawl Stone Soup version 0.20-a0-792-g09bcfd3 (webtiles) character file.

14701 Morrissey the Grappler (level 11, -2/97 HPs)
             Began as a Pale Draconian Transmuter on Feb 28, 2017.
             Was a Priest of Makhleb.
             Slain by a red ugly thing (11 damage)
             ... on level 11 of the Dungeon.
             The game lasted 00:48:44 (12089 turns).

Morrissey the Grappler (Pale Draconian Transmuter) Turns: 12089, Time: 00:48:45

Health: -2/97      AC: 10    Str: 13    XL:     11   Next: 92%
Magic:  10/15      EV: 15    Int: 21    God:    Makhleb [***...]
Gold:   636        SH:  0    Dex: 12    Spells: 3/16 levels left

rFire    + . .     SeeInvis .     - Unarmed
rCold    + . .     Gourm    .   (armour unavailable)
rNeg     . . .     Faith    .   (shield currently unavailable)
rPois    +         Spirit   .   (helmet restricted)
rElec    +         Reflect  .   C - +0 cloak
rCorr    +         Harm     .   (gloves currently unavailable)
MR       .....                  w - +1 pair of boots
Stlth    ++........             (no amulet)
Regen    0.3/turn               (no ring)
MPRegen  0.2/turn               E - ring of stealth

@: brilliant, blade hands, resistant, drained
A: breathe steam, unfitting armour, cold-blooded, AC +7
a: Breathe Steam, End Transformation, Minor Destruction, Lesser Servant of
Makhleb, Renounce Religion


You were on level 11 of the Dungeon.
You worshipped Makhleb.
Makhleb was most pleased with you.
You were very hungry.
You had blades for hands.
You visited 2 branches of the dungeon, and saw 12 of its levels.

You collected 636 gold pieces.

Inventory:

Missiles
 a - 185 arrows
Armour
 w - a +1 pair of boots (worn)
 C - a +0 cloak (worn)
Jewellery
 E - a ring of stealth (left scythe-like blade)
Wands
 p - a wand of digging (24/24)
 s - a wand of flame (19/48)
 v - a wand of flame (15/48)
 x - a wand of polymorph (10/24)
 D - a wand of polymorph (7/24)
Scrolls
 i - 4 scrolls of remove curse
 j - 2 scrolls of amnesia
 o - 3 scrolls of magic mapping
Potions
 d - a potion of cancellation
 G - a potion of mutation
Books
 b - a book of Changes

   Spells                             Type                      Level
   a - Beastly Appendage              Transmutation                1
   b - Sticks to Snakes               Transmutation                2
   c - Spider Form                    Transmutation/Poison         3
   d - Ice Form                       Ice/Transmutation            4
   e - Blade Hands                    Transmutation                5
 z - a book of Callings

   Spells                             Type                      Level
   a - Summon Small Mammal            Summoning                    1
   b - Call Imp                       Summoning                    2
   c - Call Canine Familiar           Summoning                    3
   d - Summon Guardian Golem          Hexes/Summoning              3
   e - Summon Lightning Spire         Summoning/Air                4
   f - Summon Ice Beast               Ice/Summoning                4
Comestibles
 c - 6 bread rations
 h - 4 royal jellies
 l - 29 fruits


   Skills:
 + Level 9.0(8.2) Fighting
 + Level 7.6(6.9) Dodging
 * Level 11.6(10.7) Unarmed Combat
 - Level 3.0(2.4) Spellcasting
 + Level 9.8(9.1) Transmutations
 - Level 4.3(3.6) Ice Magic
 - Level 1.2(0.5) Poison Magic


You had 3 spell levels left.
You knew the following spells:

 Your Spells              Type           Power        Failure   Level  Hunger
a - Beastly Appendage     Tmut           ######       1%          1    None
b - Spider Form           Tmut/Pois      #####.....   6%          3    ###....
c - Blade Hands           Tmut           ######....   7%          5    ######.
d - Ice Form              Ice/Tmut       #####...     7%          4    ####...


Dungeon Overview and Level Annotations

Branches:
Dungeon (11/15)            Temple (1/1) D:6            Lair (0/6) D:11
    Orc: D:9-12

Altars:
Ashenzari
Gozag
Makhleb
Ru
Sif Muna
Trog
Xom
Zin

Shops:
D:9 [


Innate Abilities, Weirdness & Mutations

You can breathe blasts of scalding, opaque steam.
Your pale cyan-grey scales are hard. (AC +7)
You cannot fit into any form of body armour.
You are cold-blooded and may be slowed by cold attacks.


Message History

You are engulfed in flames!
You resist.
* * * LOW HITPOINT WARNING * * *
Casting: Blade Hands
Confirm with . or Enter, or press ? or * to list all spells.
Your hands turn into razor-sharp scythe blades.
You are feeling very hungry.
The red ugly thing barely misses you.
You closely miss the red ugly thing. You slice the red ugly thing!!
The red ugly thing is heavily wounded.
The red ugly thing tentacle-slaps you.
* * * LOW HITPOINT WARNING * * *
You are engulfed in flames!
You resist.
* * * LOW HITPOINT WARNING * * *
You hit the red ugly thing but do no damage.
The red ugly thing is heavily wounded.
The red ugly thing tentacle-slaps you.
* * * LOW HITPOINT WARNING * * *
You are engulfed in flames!
You resist.
You die...

#†# ####### #.# #.....# #.#
#.###.#### #.# #.# #....#
##.###### #)###.##.#
#...†...#########
#.....##.####....##.........#
###.###.#..[...#[.[..[.).##.# #.#
##.####.@u.##..###.##.# #.# ###
#...............# #.#
##.#########.#### #.# #.# #.# #.#
##'## #.###### #.# ##...##
#....... #.## ##.....## #.######
#..## ##.......## ##.....#
#####...####.........####...##.##


You could see a red ugly thing.

Vanquished Creatures
  6 two-headed ogres
  An ogre mage (D:11)
  3 death yaks (D:11)
  The ghost of Yehuk the Sneak, a novice DsAs (D:7)
  Maurice (D:8)
  The ghost of nono the Cutter, a novice VSHu of Wu Jian (D:8)
  A tengu conjurer (D:10)
  A troll (D:11)
  Sigmund (D:6)
  A wyvern (D:9)
  A steam dragon (D:7)
  5 yaks (D:11)
  A water moccasin (D:7)
  A porcupine (D:11)
  2 orc warriors
  7 ogres
  4 sky beasts
  2 black bears (D:9)
  A phantom (D:10)
  4 ice beasts
  2 necrophages
  6 centaurs
  Blork the orc (D:6)
  9 bullfrogs
  A wyvern zombie (D:10)
  A water moccasin zombie (D:5)
  A scorpion (D:7)
  7 killer bees (D:7)
  10 wights (D:11)
  2 bullfrog zombies (D:5)
  A centaur zombie (D:10)
  4 crimson imps
  4 hounds
  3 bullfrog skeletons
  4 jellies
  2 gnoll shamans (D:5)
  5 orc priests
  2 centaur skeletons
  5 worker ants
  4 iguanas
  10 orc wizards
  A hell rat (D:11)
  A killer bee zombie (D:6)
  A hound zombie (D:6)
  A worker ant zombie (D:11)
  14 gnolls
  8 adders
  2 shadow imps
  An ooze (D:4)
  3 adder zombies
  2 adder skeletons
  A worm (D:3)
  2 dart slugs
  4 leopard geckos
  35 orcs
  A bat (D:1)
  5 giant cockroaches
  6 goblins
  4 hobgoblins
  7 jackals
  2 kobolds (D:1)
  3 quokkas
  A ball python (D:1)
  2 frilled lizards
  A jackal skeleton (D:4)
  A quokka skeleton (D:4)
  4 rats
242 creatures vanquished.

Vanquished Creatures (others)
  A howler monkey (D:5)
1 creature vanquished.

Grand Total: 243 creatures vanquished

Notes
Turn   | Place    | Note
-------+----------+-------------------------------------------
     0 | D:1      | Morrissey the Draconian Transmuter began the quest for the Orb.
     0 | D:1      | Reached XP level 1. HP: 16/16 MP: 3/3
   454 | D:1      | Reached XP level 2. HP: 23/23 MP: 5/5
  1418 | D:2      | Reached XP level 3. HP: 23/29 MP: 4/6
  1423 | D:2      | Learned a level 3 spell: Spider Form
  2000 | D:3      | Reached skill level 4 in Unarmed Combat
  2000 | D:3      | Reached XP level 4. HP: 25/36 MP: 0/7
  2839 | D:4      | Reached XP level 5. HP: 29/42 MP: 4/8
  3187 | D:4      | Noticed an ogre
  3197 | D:4      | Killed an ogre
  3197 | D:4      | Reached skill level 1 in Poison Magic
  3197 | D:4      | Reached XP level 6. HP: 45/50 MP: 6/9
  3266 | D:4      | Reached skill level 5 in Unarmed Combat
  3277 | D:4      | Learned a level 4 spell: Ice Form
  4058 | D:4      | Reached skill level 1 in Ice Magic
  4102 | D:5      | Entered Level 5 of the Dungeon
  4375 | D:5      | Noticed an ice beast
  4388 | D:5      | Your scales start taking on a pale cyan-grey colour.
  4388 | D:5      | Reached XP level 7. HP: 57/57 MP: 7/10
  5027 | D:5      | Found a shimmering altar of Xom.
  5056 | D:5      | Reached skill level 6 in Unarmed Combat
  5320 | D:5      | Reached XP level 8. HP: 52/66 MP: 7/11
  5632 | D:6      | Reached skill level 5 in Transmutations
  5760 | D:6      | Noticed Sigmund
  5785 | D:6      | Killed Sigmund
  5785 | D:6      | Reached skill level 7 in Unarmed Combat
  6493 | D:6      | Found a staircase to the Ecumenical Temple.
  6493 | D:6      | Noticed Blork the orc
  6500 | D:6      | Killed Blork the orc
  6510 | Temple   | Entered the Ecumenical Temple
  6549 | Temple   | Became a worshipper of Makhleb the Destroyer
  6806 | D:6      | You fall through a shaft for 3 floors!
  6841 | D:9      | Reached skill level 5 in Fighting
  6843 | D:9      | Reached XP level 9. HP: 74/74 MP: 8/12
  7046 | D:8      | Noticed a two-headed ogre
  7052 | D:8      | Killed a two-headed ogre
  7052 | D:8      | Reached skill level 5 in Dodging
  7052 | D:8      | Reached skill level 8 in Unarmed Combat
  7103 | D:8      | Noticed nono's ghost (novice VSHu)
  7160 | D:7      | Noticed Yehuk's ghost (novice DsAs)
  7162 | D:7      | Found a sacrificial altar of Ru.
  7385 | D:8      | Found a deep blue altar of Sif Muna.
  7436 | D:8      | Reached * piety under Makhleb
  7562 | D:7      | Killed Yehuk's ghost
  7626 | D:7      | Reached XP level 10. HP: 70/83 MP: 12/14
  7905 | D:7      | Learned a level 5 spell: Blade Hands
  8037 | D:8      | Killed nono's ghost
  8095 | D:8      | Noticed Maurice
  8160 | D:8      | Killed Maurice
  8160 | D:8      | Reached skill level 9 in Unarmed Combat
  8173 | D:8      | Reached ** piety under Makhleb
  8178 | D:8      | Found a bloodstained altar of Trog.
  8830 | D:9      | Noticed a two-headed ogre
  8875 | D:9      | Killed a two-headed ogre
  9182 | D:9      | Found Hochoph's Antique Armour Emporium.
  9360 | D:10     | Entered Level 10 of the Dungeon
  9716 | D:10     | Found a glowing silver altar of Zin.
  9777 | D:10     | Reached skill level 10 in Unarmed Combat
 10501 | D:11     | Reached XP level 11. HP: 91/91 MP: 15/15
 10694 | D:11     | Noticed a red ugly thing
 11152 | D:11     | Noticed an ogre mage
 11152 | D:11     | Noticed a two-headed ogre
 11152 | D:11     | Noticed a two-headed ogre
 11170 | D:11     | Killed a two-headed ogre
 11183 | D:11     | Noticed a two-headed ogre
 11214 | D:11     | Killed a two-headed ogre
 11247 | D:11     | Noticed a two-headed ogre
 11262 | D:11     | Killed a two-headed ogre
 11262 | D:11     | Reached *** piety under Makhleb
 11304 | D:11     | Killed a two-headed ogre
 11304 | D:11     | Reached skill level 11 in Unarmed Combat
 11341 | D:11     | Killed an ogre mage
 11702 | D:11     | Noticed a white ugly thing
 11953 | D:11     | Noticed a death yak
 11954 | D:11     | Found a staircase to the Lair.
 11955 | D:11     | Noticed a death yak
 11960 | D:11     | Noticed a death yak
 11977 | D:11     | Killed a death yak
 11983 | D:11     | Killed a death yak
 11989 | D:11     | Killed a death yak
 12089 | D:11     | Slain by a red ugly thing

Vault maps used:
D:1:      minmay_arrival_arboretum_large
D:2:      first_bread
D:5:      xom_confusion_cloud, serial_glass, glass_columns_a, glass_columns_a,
          glass_columns_a, glass_columns_c, glass_columns_c, glass_columns_a,
          glass_columns_a, glass_columns_a
D:6:      minmay_temple_entry_fiery, uniq_blork_the_orc, uniq_sigmund
D:7:      nicolae_ru_awakened_eye
D:8:      led_sif_pool, lemuel_doored_altar, uniq_maurice
D:9:      serial_shops, shop
D:10:     basic_altar, grunt_tengu_nest, minmay_stone_trees_small
D:11:     dpeg_lair_monsters, orc_0_dummy, nicolae_wwwww, nicolae_sextant
Temple:   dpeg_five_rooms_temple

Skill      XL: |  1  2  3  4  5  6  7  8  9 10 11 |
---------------+----------------------------------+-----
Dodging        | 2 3 4 5 6 7 |  7.6
Fighting       | 2 3 4 5 6 7 9 |  9.0
Unarmed Combat | 4 5 6 7 8 10 11 | 11.6
Poison Magic   | 1 |  1.2
Transmutations | 3 4 6 7 8 9 |  9.8
Ice Magic      | 1 2 3 4 |  4.3
Spellcasting   | 3 |  3.0

Action                   |  1- 3 |  4- 6 |  7- 9 | 10-12 || total
-------------------------+-------+-------+-------+-------++-------
Melee: Unarmed           |   103 |   187 |   266 |   324 ||   880
       Kick              |     6 |     2 |       |       ||     8
       Tailslap          |     4 |    10 |    23 |    26 ||    63
       Punch             |     2 |     5 |     6 |     9 ||    22
       Headbutt          |     2 |     5 |     1 |       ||     8
 Cast: Beastly Appendage |    15 |     4 |     1 |       ||    20
       Spider Form       |       |     7 |    15 |    14 ||    36
       Ice Form          |       |       |     1 |     5 ||     6
       Blade Hands       |       |       |       |    10 ||    10
 Abil: End Transformatio |       |     3 |    11 |    15 ||    29
       Breathe Steam     |       |       |    23 |    33 ||    56
Evoke: Wand              |       |       |       |     2 ||     2
  Use: Scroll            |       |       |     9 |    13 ||    22
       Potion            |       |       |       |    14 ||    14
 Stab: Sleeping          |       |     1 |       |     2 ||     3
       Distracted        |       |       |       |     1 ||     1
  Eat: Chunk             |     2 |     6 |    11 |    14 ||    33
       Bread ration      |     1 |       |       |       ||     1
       Meat ration       |       |       |     1 |     2 ||     3
Armor: Skin              |    16 |    24 |    41 |    53 ||   134
Dodge: Dodged            |    50 |   116 |   202 |   238 ||   606
